 Dungeon Crawl Stone Soup version 0.23-a0-703-gdf2d5e0 (console) character file.

71 Duffy the Conjurer (level 4, 31/31 HPs)
             Began as a Demonspawn Fire Elementalist on Jan 13, 2019.
             Quit the game on level 2 of the Dungeon.
             The game lasted 00:02:19 (1687 turns).

Duffy the Conjurer (Demonspawn Fire Elementalist)   Turns: 1687, Time: 00:02:20

Health: 31/31      AC:  4    Str:  9    XL:     4   Next: 5%
Magic:  2/7        EV: 12    Int: 17    God:
Gold:   65         SH:  0    Dex: 13    Spells: 3/7 levels left

rFire    . . .     SeeInvis .   (no weapon)
rCold    . . .     Gourm    .   (no shield)
rNeg     . . .     Faith    .   a - +0 robe
rPois    .         Spirit   .   (no helmet)
rElec    .         Reflect  .   (no cloak)
rCorr    .         Harm     .   (no gloves)
MR       .....                  (no boots)
Stlth    ++........             e - amulet of regeneration
HPRegen  0.50/turn              (no ring)
MPRegen  0.10/turn              (no ring)

@: very slightly contaminated
A: rugged brown scales 2, rot immunity
a: no special abilities


You were on level 2 of the Dungeon.
You were hungry.

You visited 1 branch of the dungeon, and saw 2 of its levels.

You collected 65 gold pieces.

Inventory:

Armour
 a - a +0 robe (worn)
Jewellery
 e - an amulet of regeneration (around neck)
Wands
 n - a wand of iceblast (7)
Scrolls
 b - a scroll of noise {unknown}
 f - a scroll of amnesia {unknown}
 g - 2 scrolls of identify {unknown}
 i - a scroll of remove curse {unknown}
 k - a scroll of fear {unknown}
 m - a scroll of blinking {unknown}
Potions
 d - a potion of invisibility {unknown}
 h - 2 potions of flight
 j - a potion of curing {unknown}
Comestibles
 c - 2 rations


   Skills:
 - Level 1.7 Dodging
 - Level 1.7 Stealth
 - Level 2.0 Spellcasting
 + Level 4.0 Conjurations
 - Level 2.6 Fire Magic


You had 3 spell levels left.
You knew the following spells:

 Your Spells              Type           Power        Failure   Level  Hunger
h - Flame Tongue          Conj/Fire      ##...        4%          1    #......
l - Conjure Flame         Conj/Fire      ##......     14%         3    ###....

Your spell library contained the following spells:

 Spells                   Type           Power        Failure   Level  Hunger
 Throw Flame              Conj/Fire      ##....       8%          2    ###....
 Inner Flame              Hex/Fire       #.......     32%         3    ###....
 Sticky Flame             Conj/Fire      ##......     43%         4    #####..
 Fireball                 Conj/Fire      ##........   80%         5    ######.


Dungeon Overview and Level Annotations

Branches:
Dungeon (2/15)

Altars:


Innate Abilities, Weirdness & Mutations

You are mostly covered in rugged brown scales. (AC +2, +5% HP)
You are immune to rotting.


Message History

Confirm with . or Enter, or press ? or * to list all spells.
Aiming: Flame Tongue (safe; 4% risk of failure)
Press: ? - help, Shift-Dir - straight line, f/p - adder
Aim: an adder (moderately wounded)
You miscast Flame Tongue.
You are very lightly contaminated with residual magic.
Nothing appears to happen.
The adder barely misses you.
Casting: Flame Tongue (safe; 4% risk of failure)
Confirm with . or Enter, or press ? or * to list all spells.
Aiming: Flame Tongue (safe; 4% risk of failure)
Press: ? - help, Shift-Dir - straight line, f/p - adder
Aim: an adder (moderately wounded)
The flame tongue hits the adder.
You kill the adder!
Your Conjurations skill increases to level 4!
You have reached level 4!
You feel stronger.
Your demonic ancestry asserts itself...
You feel immune to rotting.
You are feeling hungry.
Are you sure you want to abandon this character and quit the game? (Confirm with "yes".)

#### ... ..# ..#### #.#..
#..... #.#.# #%...... #.#.#
#...... ############(#.# #
...... #......@.....#.# ..
.... #.########.....##
...###.####...%..###......#
...........####.........<.#
...........# #...........#
...........# #.........(.#
...........# #...........#
...........# #.....).....#
...........# #.....#######


There were no monsters in sight!

Vanquished Creatures
  2 adders (D:2)
  2 oozes
  A dart slug (D:1)
  2 leopard geckos
  A giant cockroach (D:2)
  7 goblins (D:1)
  4 hobgoblins
  5 kobolds
  A ball python (D:1)
  3 bats (D:1)
  5 frilled lizards (D:1)
  10 rats
43 creatures vanquished.

Notes
Turn   | Place    | Note
-------+----------+-------------------------------------------
     0 | D:1      | Duffy the Demonspawn Fire Elementalist began the quest for
                  | the Orb.
     0 | D:1      | Reached XP level 1. HP: 13/13 MP: 3/3
   173 | D:1      | Reached skill level 2 in Conjurations
   189 | D:1      | Gained mutation: You are partially covered in rugged brown
                  | scales. (AC +1, +3% HP) [demonic ancestry]
   189 | D:1      | Reached XP level 2. HP: 5/19 MP: 0/5
   934 | D:1      | Reached skill level 3 in Conjurations
   936 | D:1      | Gained mutation: You are mostly covered in rugged brown
                  | scales. (AC +2, +5% HP) [demonic ancestry]
   936 | D:1      | Reached XP level 3. HP: 18/25 MP: 1/6
   947 | D:1      | Learned a level 3 spell: Conjure Flame
  1686 | D:2      | Reached skill level 4 in Conjurations
  1686 | D:2      | Gained mutation: You are immune to rotting. [demonic
                  | ancestry]
  1686 | D:2      | Reached XP level 4. HP: 31/31 MP: 2/7
  1687 | D:2      | Quit the game

Vault maps used:
D:1:      sevenhm_arrival_forest_fort_small_4
D:2:      first_ration

Skill      XL: |  1  2  3 |
---------------+----------+-----
Conjurations   | 2 3 4 |  4.0
Dodging        | |  1.7
Stealth        | |  1.7
Spellcasting   | |  2.0
Fire Magic     | |  2.6

Action                   |  1- 3 |  4- 6 || total
-------------------------+-------+-------++-------
Melee: Unarmed           |    11 |       ||    11
Throw: Tomahawk          |    24 |       ||    24
 Cast: Flame Tongue      |    70 |     1 ||    71
  Use: Potion            |     1 |       ||     1
  Eat: Chunk             |     3 |       ||     3
Armor: Robe              |    11 |       ||    11
Dodge: Dodged            |    42 |       ||    42

Table legend:
 A = Non-vault XP
 B = Vault XP
 C = Vault XP percentage of total XP
 D = Non-vault monster count
 E = Vault monster count
 F = Vault count percentage of total count
                 A         B        C        D         E       F
            +---------+---------+-------+---------+---------+-------
      Total |     102 |       0 |   0.0 |      43 |       0 |   0.0
            +---------+---------+-------+---------+---------+-------
        D:1 |      57 |       0 |   0.0 |      34 |       0 |   0.0
        D:2 |      45 |       0 |   0.0 |       9 |       0 |   0.0
            +---------+---------+-------+---------+---------+-------
